 Dungeon Crawl Stone Soup version 0.30-a0-782-ge64f9170bb (webtiles) character file.

Game seed: 17701055571554292071

52038 sanka the Marksdemigod (level 13, -4/117 HPs)
             Began as a Demigod Hunter on Mar 18, 2023.
             Slain by a centaur warrior (8 damage)
             ... on level 14 of the Dungeon.
             The game lasted 00:32:33 (18058 turns).

sanka the Marksdemigod (Demigod Hunter)            Turns: 18058, Time: 00:32:34

Health: -4/117     AC: 11    Str: 12    XL:     13   Next: 92%
Magic:  0/16       EV: 31    Int: 11    God:
Gold:   1138       SH:  0    Dex: 45    Spells: 12/12 levels left

rFire   . . .      SeeInvis .    a - +0 arbalest (flame)
rCold   . . .      Faith    .    (shield currently unavailable)
rNeg    . . .      Spirit   +    g - +0 troll leather armour
rPois   .          Reflect  .    Q - +1 helmet
rElec   .          Harm     .    m - +2 cloak
rCorr   .          Rampage  .    J - +0 pair of gloves
Will    +....                    r - +0 pair of boots
Stlth   +++                      x - amulet of guardian spirit
HPRegen 1.19/turn                W - +6 ring of dexterity
MPRegen 0.15/turn                e - +6 ring of dexterity

@: invisible
A: high MP 1, forlorn, divine attributes
a: no special abilities


You were on level 14 of the Dungeon.
You visited 1 branch of the dungeon, and saw 15 of its levels.
You also visited: Sewer.

You collected 1138 gold pieces.


Innate Abilities, Weirdness & Mutations

You have an increased reservoir of magic. (+10% MP)
You shall have no god before yourself.
Your divine heritage dramatically boosts your attributes as you level up.


   Skills:
 + Level 11.9 Fighting
 * Level 16.7 Ranged Weapons
 + Level 11.9 Dodging
 - Level 0.8 Stealth


You had 12 spell levels left.
You didn't know any spells.
Your spell library contained the following spells:

 Spells                   Type           Power      Damage    Failure   Level
 Beastly Appendage        Tmut           0%         N/A       41%         1
 Foxfire                  Conj/Fire      0%         2x1d4     41%         1
 Slow                     Hex            0%         N/A       41%         1
 Cigotuvi's Dreadful Rot  Necr/Pois/Air  0%         N/A       56%         2
 Wereblood                Tmut           0%         N/A       56%         2
 Confusing Touch          Hex            0%         N/A       80%         3
 Gell's Gravitas          Tloc           0%         N/A       80%         3
 Spider Form              Tmut/Pois      0%         N/A       80%         3
 Teleport Other           Tloc           0%         N/A       80%         3
 Vampiric Draining        Necr           0%         2d6       80%         3
 Vhi's Electric Charge    Tloc/Air       0%         N/A       80%         3
 Cause Fear               Hex            0%         N/A       99%         4
 Dispel Undead            Necr           0%         3d6       99%         4
 Arcjolt                  Conj/Air       0%         1d10      100%        5
 Fireball                 Conj/Fire      0%         3d3       100%        5
 Summon Forest            Summ/Tloc      0%         N/A       100%        5
 Summon Mana Viper        Hex/Summ       0%         N/A       100%        5
 Death Channel            Necr           0%         N/A       100%        6
 Dispersal                Tloc           0%         N/A       100%        6
 Starburst                Conj/Fire      0%         6d3       100%        6
 Summon Cactus Giant      Summ           0%         N/A       100%        6
 Dragon Form              Tmut           0%         N/A       100%        7
 Maxwell's Capacitive Co  Air            0%         ∞         100%        8
 Dragon's Call            Summ           0%         N/A       100%        9

Inventory:

Hand Weapons
 a - a +0 arbalest of flaming (weapon)
 S - a +3 longbow
Missiles
 j - 18 curare-tipped darts {=f}
Armour
 g - a +0 troll leather armour (worn)
 m - a +2 cloak (worn)
 r - a +0 pair of boots (worn)
 J - a +0 pair of gloves (worn)
 Q - a +1 helmet (worn)
 R - a +1 leather armour of poison resistance
 X - +0 acid dragon scales
Jewellery
 e - a +6 ring of dexterity (right hand)
 x - an amulet of guardian spirit (around neck)
 E - a ring of flight
 U - an amulet of regeneration
 W - a +6 ring of dexterity (left hand)
Wands
 i - a wand of quicksilver (9)
 F - a wand of mindburst (14)
 G - a wand of charming (17)
 I - a wand of flame (2)
 L - a wand of roots (10)
Scrolls
 b - 6 scrolls of immolation {!r}
 d - a scroll of enchant armour
 k - 7 scrolls of magic mapping
 o - 2 scrolls of teleportation {@r4}
 p - 2 scrolls of fear
 q - 2 scrolls of brand weapon
 s - 3 scrolls of blinking
 t - 3 scrolls of silence {!r}
 v - 3 scrolls of poison {!r}
 y - 4 scrolls of noise {!r}
 H - 2 scrolls of enchant weapon
 K - 3 scrolls of vulnerability {!r}
Potions
 c - 4 potions of mutation {unknown}
 f - 3 potions of attraction {!q}
 h - 3 potions of might
 l - 3 potions of berserk rage {unknown}
 n - 3 potions of ambrosia {unknown}
 u - 7 potions of brilliance
 z - 6 potions of lignification {!q}
 A - 2 potions of magic {unknown}
 B - 2 potions of cancellation {unknown}
 C - 4 potions of curing {@q1}
 D - 3 potions of haste {unknown}
 M - 3 potions of degeneration {unknown}
 N - 2 potions of invisibility
 P - 2 potions of resistance {unknown}

Dungeon Overview and Level Annotations

Branches:
Dungeon (15/15)            Temple (0/1) D:7            Lair (0/5) D:11
    Orc (0/2) D:12         Vaults (0/5) D:13         Depths (0/4) D:15
  Sewer (visited)

Shops:
D:12 :

Annotations:
D:11 1 runed translucent door
D:12 exclusion: downstairs
D:15 3 runed translucent doors, Kaepny's ghost, journeyman SpBr

▒▒▒▒▒▒▒..▒ ▒.▒ ▒.▒ ▒..▒ ▒..▒ ▒.▒
▒.▒ ▒..▒ ▒..▒ ▒.▒ ▒.▒ ▒..▒ ▒..▒
▒.▒ ▒.▒ ▒..▒ ▒..▒ ▒.▒ ▒.▒ ▒..▒
▒..▒ ▒.▒ ▒.▒ ▒..▒ ▒▒▒▒▒▒▒..▒▒▒▒.▒
▒.▒▒▒▒..▒▒▒▒▒▒▒
............Bc▒▒▒▒▒..............
............Hc.cp................
....▒▒▒▒▒▒▒▒▒▒▒▒▒▒▒▒.▒▒▒▒▒.......
▒.°.▒▒ ▒..▒▒.....▒▒▒▒ .H°..▒▒▒
▒............. ..°....▒
▒..▒▒▒▒▒▒▒▒▒▒▒ ..c....▒
▒..▒.......... 'c▒▒▒..▒
▒▒.▒▒..▒..▒▒...
....▒..▒▒▒▒▒▒▒▒▒▒▒▒..▒▒.▒▒▒:.▒..▒
....▒........>......▒▒▒.▒▒▒▒[▒▒▒▒


You could see a sphinx, a yaktaur captain (unable to see you), a boulder beetle
(unable to see you) and 2 centaur warriors.


Message History

You shoot a bolt.
The bolt completely misses UltrafastDeath's ghost.
The bolt hits the centaur warrior!
The bolt burns the centaur warrior.
The centaur warrior is moderately wounded.
UltrafastDeath's ghost hits you!
* * * LOW HITPOINT WARNING * * *
UltrafastDeath's ghost freezes you.
* * * LOW HITPOINT WARNING * * *
The slime creature jiggles.
You shoot a bolt. The bolt hits UltrafastDeath's ghost!!
You destroy UltrafastDeath's ghost!
The centaur warrior wields a +0 longbow.
The centaur warrior shoots an arrow.
The arrow hits you!
* * * LOW HITPOINT WARNING * * *
You shoot a bolt.
The bolt hits the centaur warrior but does no damage.
The centaur warrior is lightly wounded.
The centaur warrior shoots an arrow.
The arrow barely misses you.
The boulder beetle waves its antennae.
You fade into invisibility!
The centaur warrior shoots an arrow.
The arrow barely misses the centaur warrior.
The arrow completely misses you.
The centaur warrior unwields a +0 longbow.
The centaur warrior hits you!
You die...

Action                     |  1- 3 |  4- 6 |  7- 9 | 10-12 | 13-15 || total
---------------------------+-------+-------+-------+-------+-------++-------
  Melee: Arbalest          |       |       |       |     4 |       ||     4
   Fire: Shortbow          |   136 |   218 |   329 |       |       ||   683
         Arbalest          |       |       |    47 |   490 |   197 ||   734
    Use: Potion            |       |     6 |     2 |     2 |     2 ||    12
         Scroll            |       |       |    11 |     6 |     4 ||    21
 Armour: Leather armour    |    19 |    82 |    32 |     8 |       ||   141
         Troll leather arm |       |       |       |    28 |    17 ||    45
  Dodge: Dodged            |    44 |   181 |   217 |   318 |   185 ||   945

Levels and vault maps discovered:
D:1:      minmay_arrival_floating_metal, layout_loops_ring,
          nicolae_concentric_dashed_squares_wild, minmay_pentomino_z4
D:2:      layout_rooms, serial_corexii_hall, corexii_hall_statues_x,
          chequers_hall_statues_corner_a, corexii_hall_statues_u,
          chequers_hall_statues_corner_a
D:3:      layout_loops_ring, serial_park_tiny_1, st_stairs_13
D:4:      layout_loops_cross, cheibrodos_sewer_entry_sluice
D:5:      layout_rooms, fedhas_altar_4, uniq_menkaure, uniq_eustachio
D:6:      layout_basic, okawaru_metal_pillars_1_2, dreamdust_princess_corridor,
          uniq_maggie
D:7:      layout_cave_pods, minmay_temple_entry_wispy
D:8:      layout_gridville, kennysheep_orc_sif_temple,
          grunt_temple_overflow_open, hex_tiny, st_stairs_8, uniq_grum
D:9:      layout_roguey [special_room_kobold], lemuel_doored_altar,
          gammafunk_ghost_arena
D:10:     layout_gridville, minivault_26, uniq_erolcha
D:11:     minmay_gate_of_8, layout_grid_maze, hellmonk_lair_entry_icy,
          serial_park_tiny_pond, uniq_erica, uniq_josephine, uniq_maurice
D:12:     layout_loops_corners, orc_0_dummy, nicolae_shop_i_like_big_books,
          uniq_snorg
D:13:     layout_layer_cave, hangedman_vaults_entry_quadrant_bands,
          minmay_misc_feat_pillars, hex_medium, minmay_unpleasant_kobolds
D:14:     minmay_the_grid_triangle_9x9_rhombus_thin_mashed
          [minmay_the_grid_triangle_9x9_sprig,
          minmay_the_grid_triangle_9x9_prize_schism,
          minmay_the_grid_triangle_9x9_skeleton,
          minmay_the_grid_triangle_9x9_negative_grid], layout_small_grid,
          nicolae_dithmenos_through_a_glass_darkly, gammafunk_ghost_split,
          kennysheep_doodads
D:15:     hangedman_depths_entry_try_elsewhere_first, layout_gridville,
          dreamdust_princess_bridge, gammafunk_ghost_crypt, solitary_fountain

Notes
Turn   | Place    | Note
-------+----------+-------------------------------------------
     0 | D:1      | sanka the Demigod Hunter began the quest for the Orb.
     0 | D:1      | Reached XP level 1. HP: 17/17 MP: 3/3
    72 | D:1      | Reached skill level 2 in Fighting
   188 | D:1      | Reached skill level 4 in Ranged Weapons
   189 | D:1      | Reached XP level 2. HP: 24/24 MP: 4/4
   341 | D:1      | Reached skill level 2 in Dodging
   475 | D:1      | Reached XP level 3. HP: 29/29 MP: 5/5
  1477 | D:3      | Reached XP level 4. HP: 37/37 MP: 6/6
  1936 | D:3      | Identified the +1 buckler of Wuwnox {rF+ Dex-2 SInv}
  2436 | D:3      | Reached skill level 5 in Ranged Weapons
  2608 | D:4      | Reached XP level 5. HP: 44/44 MP: 7/7
  2619 | D:4      | Found a glowing drain.
  2620 | D:4      | Identified the +1 leather armour "Istrorr" {Int+2}
  2655 | Sewer    | Entered a sewer
  2712 | Sewer    | Reached skill level 3 in Fighting
  2786 | Sewer    | Reached skill level 3 in Dodging
  2972 | Sewer    | Reached XP level 6. HP: 18/51 MP: 2/8
  3119 | Sewer    | Noticed Grinder
  3121 | Sewer    | Paralysed by Grinder for 5 turns
  3139 | Sewer    | Paralysed by Grinder for 3 turns
  3142 | Sewer    | Killed Grinder
  3143 | Sewer    | Reached skill level 6 in Ranged Weapons
  3435 | D:4      | Reached skill level 4 in Fighting
  3435 | D:4      | Reached XP level 7. HP: 59/59 MP: 9/9
  3851 | D:5      | Entered Level 5 of the Dungeon
  3973 | D:5      | Noticed Menkaure
  3980 | D:5      | Killed Menkaure
  3981 | D:5      | Reached skill level 4 in Dodging
  4366 | D:5      | Reached skill level 7 in Ranged Weapons
  4599 | D:5      | Noticed Eustachio
  4614 | D:5      | Killed Eustachio
  4615 | D:5      | Reached XP level 8. HP: 67/67 MP: 10/10
  4779 | D:6      | Identified +0 acid dragon scales
  4779 | D:6      | Noticed Maggie
  4975 | D:6      | Reached skill level 5 in Fighting
  5065 | D:6      | Reached skill level 5 in Dodging
  5227 | D:6      | Reached skill level 8 in Ranged Weapons
  6042 | D:7      | Found a staircase to the Ecumenical Temple.
  6741 | D:8      | Noticed Grum
  6778 | D:8      | HP: 5/70 [wolf[Grum] (7)]
  7070 | D:8      | Reached skill level 9 in Ranged Weapons
  7070 | D:8      | Reached XP level 9. HP: 56/75 MP: 11/11
  7086 | D:7      | Reached skill level 6 in Fighting
  7206 | D:8      | Killed Grum
  7341 | D:8      | Reached skill level 6 in Dodging
  8483 | D:9      | Reached skill level 10 in Ranged Weapons
  8499 | D:9      | Reached skill level 7 in Fighting
  8662 | D:9      | Reached skill level 7 in Dodging
  8666 | D:9      | Reached XP level 10. HP: 38/86 MP: 12/13
  8906 | D:9      | Identified the +0 robe of the Pirate {Contam rC+ Str+3
                  | Archmagi}
  8908 | D:9      | Noticed a sun demon
  9248 | D:9      | Reached skill level 11 in Ranged Weapons
  9359 | D:9      | Found a transporter.
  9359 | D:9      | Noticed Dirian's ghost (novice MiFi)
  9359 | D:9      | Noticed a two-headed ogre
  9360 | D:9      | Noticed a centaur warrior
  9361 | D:9      | Noticed a two-headed ogre
  9363 | D:9      | Noticed an ogre mage
  9561 | D:9      | Found a transporter.
  9730 | D:9      | Found a transporter.
 10156 | D:10     | Entered Level 10 of the Dungeon
 10266 | D:10     | Reached skill level 8 in Fighting
 10284 | D:10     | Reached skill level 8 in Dodging
 10568 | D:13     | Noticed a green ugly thing
 10613 | D:12     | Reached skill level 12 in Ranged Weapons
 10750 | D:12     | Noticed a deep elf pyromancer
 10753 | D:12     | Killed a deep elf pyromancer
 10754 | D:12     | Reached XP level 11. HP: 95/95 MP: 14/14
 10766 | D:12     | Found Fatsal's Tremendous Tomes.
 10980 | D:10     | Noticed Erolcha
 10983 | D:10     | Killed Erolcha
 11644 | D:11     | Noticed Maurice
 11747 | D:11     | Killed Maurice
 11770 | D:11     | Noticed Erica
 11770 | D:11     | Noticed a boulder beetle
 11843 | D:11     | Noticed a boulder beetle
 11847 | D:11     | Killed a boulder beetle
 11848 | D:11     | Reached skill level 9 in Fighting
 11896 | D:11     | Noticed a deep troll earth mage
 11896 | D:11     | Noticed a yaktaur captain
 11896 | D:11     | Noticed a fire giant
 11897 | D:11     | Found a runed translucent door.
 11899 | D:11     | Noticed a deep troll earth mage
 11899 | D:11     | Noticed a fire dragon
 11899 | D:11     | Noticed an ogre mage
 11899 | D:11     | Noticed a frost giant
 11899 | D:11     | Noticed a deep troll earth mage
 11985 | D:11     | Noticed Josephine
 11987 | D:11     | Reached skill level 9 in Dodging
 11991 | D:11     | Killed Josephine
 11992 | D:11     | Reached skill level 13 in Ranged Weapons
 12111 | D:11     | Killed Erica
 12174 | D:11     | Killed a boulder beetle
 12309 | D:11     | Found a staircase to the Lair.
 12821 | D:12     | Found a staircase to the Orcish Mines.
 12945 | D:12     | Reached XP level 12. HP: 104/106 MP: 15/15
 13104 | D:12     | Noticed Snorg
 13106 | D:12     | Killed Snorg
 13483 | D:13     | Reached skill level 14 in Ranged Weapons
 13546 | D:13     | Reached skill level 10 in Fighting
 13650 | D:13     | Reached skill level 10 in Dodging
 13821 | D:13     | Noticed a centaur warrior
 13830 | D:13     | Killed a centaur warrior
 13831 | D:13     | Noticed a centaur warrior
 13843 | D:13     | Killed a centaur warrior
 13969 | D:13     | Noticed a centaur warrior
 13972 | D:13     | Killed a centaur warrior
 14209 | D:13     | Noticed a centaur warrior
 14211 | D:13     | Killed a centaur warrior
 14505 | D:13     | Found a gate to the Vaults.
 14513 | D:13     | Reached skill level 15 in Ranged Weapons
 15062 | D:14     | Noticed a yaktaur captain
 15064 | D:14     | Noticed a centaur warrior
 15066 | D:14     | Noticed UltrafastDeath's ghost (adept HuWn)
 15066 | D:14     | Noticed a centaur warrior
 15066 | D:14     | Noticed a boulder beetle
 15067 | D:14     | Noticed a sphinx
 15132 | D:14     | Noticed a centaur warrior
 15137 | D:14     | Killed a centaur warrior
 15142 | D:14     | Noticed a boulder beetle
 15149 | D:14     | Killed a boulder beetle
 15172 | D:14     | Noticed a centaur warrior
 15173 | D:14     | Noticed a centaur warrior
 15174 | D:14     | Killed a centaur warrior
 15177 | D:14     | Killed a centaur warrior
 15178 | D:14     | Reached XP level 13. HP: 90/115 MP: 16/16
 15253 | D:14     | Reached skill level 11 in Fighting
 15279 | D:14     | Identified +0 fire dragon scales
 15282 | D:14     | Reached skill level 11 in Dodging
 15317 | D:14     | Found the ring of the Mage {Wiz Archmagi}
 15324 | D:14     | Identified the ring of Bahaithri {rN+ Dex+4}
 15549 | D:14     | Found a runed translucent gate.
 15549 | D:14     | Found a runed translucent gate.
 15549 | D:14     | Found a runed translucent gate.
 15884 | D:14     | Reached skill level 16 in Ranged Weapons
 16004 | D:15     | Entered Level 15 of the Dungeon
 16503 | D:15     | Found a staircase to the Depths.
 16691 | D:15     | Found a runed translucent gate.
 16692 | D:15     | Found a runed translucent gate.
 16693 | D:15     | Found a runed translucent gate.
 16694 | D:15     | Noticed a lich
 16694 | D:15     | Noticed a lich
 16695 | D:15     | Noticed a lich
 16695 | D:15     | Noticed a lich
 16695 | D:15     | Noticed Kaepny's ghost (journeyman SpBr)
 17322 | D:6      | Killed Maggie
 17614 | D:9      | Killed Dirian's ghost
 18055 | D:14     | HP: 10/117 [UltrafastDeath's ghost (4)]
 18056 | D:14     | Killed UltrafastDeath's ghost
 18056 | D:14     | HP: 2/117 [centaur warrior/arrow (9)]
 18058 | D:14     | Slain by a centaur warrior

Vanquished Creatures
  The ghost of UltrafastDeath the Peltast, an adept HuWn of Jiyva (D:14)
  Snorg (D:12)
  Josephine (D:11)
  Erolcha (D:10)
  2 hydras
  An ogre mage (D:9)
  An ice dragon (D:14)
  3 boulder beetles
  Erica (D:11)
  3 two-headed ogres
  12 centaur warriors
  The ghost of Dirian the Cleaver, a novice MiFi of Makhleb (D:9)
  A tengu warrior (D:14)
  A fire crab (D:13)
  A skeletal warrior (D:13)
  A glowing orange brain (shapeshifter) (D:14)
  2 deep elf pyromancers
  An orc knight (D:13)
  4 cyclopes
  A faun (shapeshifter) (D:15)
  12 ugly things
  2 manticores
  Maurice (D:11)
  A naga mage (D:15)
  3 gargoyles
  Maggie (D:6)
  3 kobold demonologists
  A komodo dragon (D:13)
  7 yaktaurs
  An efreet (D:14)
  4 centaur skeletons (D:13)
  A freezing wraith (D:15)
  A komodo dragon (shapeshifter) (D:15)
  2 tengu conjurers (D:15)
  A rime drake (D:11)
  3 trolls
  A merfolk (shapeshifter) (D:15)
  A polar bear (D:11)
  Grinder (Sewer)
  15 slime creatures
  2 shadows
  7 wraiths
  A wyvern (D:10)
  Grum (D:8)
  31 yaks
  A basilisk (D:15)
  Eustachio (D:5)
  Menkaure (D:5)
  3 water moccasins
  6 ice beasts (D:11)
  2 sky beasts
  5 orc warriors
  2 black bears
  18 centaurs
  A tengu (D:9)
  5 wolves
  A phantom (D:4)
  16 kobold brigands
  2 bullfrogs
  A gnoll sergeant (D:8)
  3 scorpions
  9 wights
  5 killer bees (D:9)
  7 howler monkeys
  2 quasits (Sewer)
  2 jellies
  4 orc priests
  2 hounds
  A gnoll bouda (D:8)
  2 iguanas
  12 orc wizards
  A boggart simulacrum (D:14)
  10 gnolls
  8 adders
  5 shadow imps
  2 white imps
  2 ufetubi (Sewer)
  A worm (D:4)
  2 dart slugs
  21 orcs
  9 bats
  5 endoplasms
  5 giant cockroaches
  6 goblins
  6 hobgoblins
  2 jackals (D:1)
  69 kobolds
  2 quokkas
  10 ball pythons
  4 frilled lizards
  A kobold zombie (Sewer)
  9 rats
438 creatures vanquished.

Vanquished Creatures (others)
  An endoplasm (Sewer)
1 creature vanquished.

Grand Total: 439 creatures vanquished
